[Event "*** Titled Tuesday Blitz"]
[Site "Chess.com"]
[Date "2021.02.02"]
[Round "1"]
[White "kuban1991"]
[Black "Hadza_3"]
[Result "1-0"]
[WhiteElo "2816"]
[BlackElo "2418"]
[TimeControl "180+1"]
[EndTime "10:07:48 PST"]
[Termination "kuban1991 won by resignation"]

1. Nf3 Nf6 2. g3 g6 3. Bg2 Bg7 4. O-O d6 5. c4 c6 6. Nc3 Qa5 7. e3 Qh5 8. Nd4 Bg4 9. f3 Bh3 10. Qe2 e5 11. Nc2 Nbd7 12. d3 O-O 13. g4 Qh4 14.
Qf2 Qxf2+ 15. Kxf2 Bxg2 16. Kxg2 Ne8 17. Rb1 Nc7 18. b4 b5 19. Bb2 f5 20. h3 Rae8 21. a4 a6 22. axb5 axb5 23. Ra1 Ra8 24. e4 fxg4 25.
fxg4 Rxf1 26. Kxf1 Rxa1+ 27. Bxa1 Bh6 28. Ke2 bxc4 29. dxc4 Nb6 30. Na3 Bc1 31. c5 dxc5 32. bxc5 Nd7 33. Nc4 Bf4 34. Na4 Ne6 35. Kf3 Ndxc5 36.
Nxc5 Nxc5 37. Bxe5 Bg5 38. Bd6 Ne6 39. e5 Kf7 40. Na5 c5 41. Ke4 Be7 42. Nc6 Bf8 43. h4 h5 44. g5 Ng7 45. Kd5 Nf5 46. e6+ Ke8 47. Bxf8 Kxf8 48. Kxc5 Nxh4 49. Kd6 Nf5+ 50. Kd7 h4 51. Ne5 Kg7 52. e7 Nxe7 53. Kxe7 h3 54. Ng4 Kh7 55. Nh2 Kg7 56. Ke6 Kf8 57. Kf6 Kg8 58.
Kxg6 Kh8 59. Kh6 Kg8 60. g6 Kh8 61. Nf3 Kg8 62. g7 Kf7 63. Kh7 h2 64. g8=Q+ Kf6 65.
Nxh2 1-0

[Event "*** Titled Tuesday Blitz"]
[Site "Chess.com"]
[Date "2021.02.02"]
[Round "1"]
[White "Politov_Pavel"]
[Black "BAS8892"]
[Result "1-0"]
[WhiteElo "2410"]
[BlackElo "2724"]
[TimeControl "180+1"]
[EndTime "10:07:49 PST"]
[Termination "Politov_Pavel won by checkmate"]

1. e4 c5 2. Nf3 d6 3. d4 cxd4 4. Nxd4 Nf6 5. Nc3 g6 6. g3 Bg7 7. Bg2 O-O 8. O-O Nc6 9. Nde2 Bd7 10. h3 Rc8 11. Nd5 b5 12. Bg5 Nxd5 13. exd5 Ne5 14. c3 Nc4 15. b3 Nb6 16. Rc1 h6 17. Be3 e5 18. dxe6 Bxe6 19. Bd4 d5 20. Nf4 Re8 21. Qd2 Bf8 22. Rcd1 Bf5 23. Bxb6 Qxb6 24. Nxd5 Qa6 25. Qf4 Bg7 26. Nc7 Qxa2 27. Nxe8 Rxe8 28. Rfe1 Rxe1+ 29.
Rxe1 Qxb3 30. Qb8+ Kh7 31. Qxa7 Bxc3 32. Re7 Be6 33.
Qe3 b4 34. Re8 Kg7 35. Kh2 Qa2 36. Ra8 Qd2 37. Qc5 Qd4 38. Qf8+ Kf6 39. Qh8+ Kg5 40.
Ra5+ f5 41. h4+ Kg4 42. f3+ Kh5 43. g4+ Kxh4 44. Qxh6# 1-0

[Event "*** Titled Tuesday Blitz"]
[Site "Chess.com"]
[Date "2021.02.02"]
[Round "1"]
[White "sbouchet"]
[Black "swisspower96"]
[Result "0-1"]
[WhiteElo "2343"]
[BlackElo "2646"]
[TimeControl "180+1"]
[EndTime "10:07:49 PST"]
[Termination "swisspower96 won by resignation"]

1. e4 c5 2. c3 Nf6 3. e5 Nd5 4. d4 Nc6 5. Nf3 d6 6. Bb5 cxd4 7. Qxd4 Nc7 8. Bxc6+ bxc6 9. O-O Ne6 10. Qa4 Bd7 11. Re1 c5 12. Qe4 Rc8 13. exd6 exd6 14. Bg5 Be7 15.
Bxe7 Qxe7 16. c4 Bc6 17. Qe3 O-O 18. Nc3 Qf6 19. Rad1 Bxf3 20. Qxf3 Qxf3 21. gxf3 Nd4 22. Re7 Rfe8 23. Rxa7 Re6 24. Nb5 Nxf3+ 25. Kg2 Nh4+ 26. Kf1 Nf5 27. Rd7 Rf6 28. Nxd6 Nxd6 29. R1xd6 Rxd6 30. Rxd6 h5 31. Ke2 Kf8 32. Kd3 Ke7 33. Rd5 g6 34.
Kc3 Rc6 35. a3 Rf6 36. Rxc5 Rf3+ 37. Kd4 Rxf2 38. b4 Rxh2 39. b5 Rb2 40. a4 h4 41.
Re5+ Kf6 42. Re1 g5 43. c5 h3 44. Ke3 g4 45. Kf4 Rb4+ 46. Kg3 Kg5 47. Re5+ f5 48. c6 Rb3+ 49. Kh2 Kh4 50. Rxf5 g3+ 51. Kg1 Rb1+ 52. Rf1 h2+ 53. Kg2 Rxf1 54. Kxf1 h1=Q+ 55. Ke2 Qe4+ 0-1

[Event "*** Titled Tuesday Blitz"]
[Site "Chess.com"]
[Date "2021.02.02"]
[Round "1"]
[White "david_gomez"]
[Black "ARTHURMOTIVATOR"]
[Result "0-1"]
[WhiteElo "2577"]
[BlackElo "2308"]
[TimeControl "180+1"]
[EndTime "10:07:49 PST"]
[Termination "ARTHURMOTIVATOR won on time"]

1. d4 Nf6 2. Nf3 g6 3. c4 Bg7 4.
Nc3 O-O 5. e4 d6 6. Be2 e5 7.
O-O Nbd7 8. Re1 c6 9. Bf1 exd4 10.
Nxd4 Re8 11. f3 Nh5 12. Be3 Ne5 13. Qd2 Qe7 14. Rad1 a6 15. Nc2 Be6 16. b3 Rad8 17. Bb6 Rd7 18. Nd4 Qh4 19. Qf2 Qg5 20. Nxe6 fxe6 21.
Be3 Qf6 22. Na4 Nf4 23. g3 Nfd3 24. Bxd3 Nxf3+ 25. Kh1 Nxe1 26. Qxf6 Bxf6 27. Rxe1 c5 28. Bf1 Be5 29. Bd2 Rf7 30. Kg1 Ref8 31. Bh3 Rf6 32. Bg5 Rf2 33. Bxe6+ Kg7 34. Nb6 Bd4 35. Be3 Bxe3 36. Rxe3 Rxa2 37. Nd5 Rff2 38. Nf4 Rxh2 39. Re1 Rhb2 40. Bh3 Rxb3 41. Bf1 Rxg3+ 42. Ng2 h5 43. Rd1 h4 44. Kh2 Rc3 45. Kh1 h3 46. Nf4 h2 0-1

[Event "*** Titled Tuesday Blitz"]
[Site "Chess.com"]
[Date "2021.02.02"]
[Round "1"]
[White "dennisodessa"]
[Black "Zhigalko_Sergei"]
[Result "0-1"]
[WhiteElo "2466"]
[BlackElo "2915"]
[TimeControl "180+1"]
[EndTime "10:07:52 PST"]
[Termination "Zhigalko_Sergei won by checkmate"]

1. d4 Nf6 2. c4 e6 3. Nc3 Bb4 4.
Qc2 O-O 5. a3 Bxc3+ 6. Qxc3 d6 7. Bg5 Nbd7 8. Nf3 h6 9. Bh4 b6 10. e3 Bb7 11. Be2 g5 12. Bg3 Ne4 13. Qc2 f5 14.
O-O Qe7 15. Nd2 Rae8 16. Nxe4 Bxe4 17. Qd2 Qg7 18. f3 Bb7 19. b4 h5 20. Rad1 h4 21. Bf2 Nf6 22. c5 Bd5 23. Qc2 h3 24.
g3 g4 25. f4 Qd7 26. Rfe1 Ne4 27. b5 c6 28. Rc1 bxc5 29. dxc5 dxc5 30. a4 Rc8 31.
Red1 Qb7 32. Be1 cxb5 33. axb5 c4 34. Bc3 Qxb5 35. Ra1 Qb3 36. Rdc1 Nxc3 37. Qxc3 Qxc3 38. Rxc3 Rc7 39. Ra4 Rb8 40. Bxc4 Kf8 41. Kf2 Rb2+ 42. Ke1 Rxh2 43. Bxd5 Rxc3 44. Bxe6 Rc1# 0-1

[Event "*** Titled Tuesday Blitz"]
[Site "Chess.com"]
[Date "2021.02.02"]
[Round "1"]
[White "ural58"]
[Black "dropstoneDP"]
[Result "0-1"]
[WhiteElo "2470"]
[BlackElo "2957"]
[TimeControl "180+1"]
[EndTime "10:07:53 PST"]
[Termination "dropstoneDP won on time"]

1. e4 e6 2. Qe2 g6 3. h4 d5 4. exd5 Nf6 5. Nc3 Bg7 6. d4 O-O 7. Bg5 exd5 8. O-O-O h6 9. Bf4 Re8 10. Qd2 h5 11. f3 a6 12. Bd3 Nc6 13. Nge2 Nb4 14.
Ng3 c5 15. dxc5 d4 16. Bc4 Qa5 17. Qxd4 Nfd5 18. Nxd5 Bxd4 19. Rxd4 Nxd5 20. Bxd5 Be6 21. Bxe6 Rxe6 22. a3 Qxc5 23. Rhd1 Re1 24. Rd2 Rxd1+ 25. Rxd1 Re8 26. Ne4 Qf5 27. Bd2 Rxe4 28. fxe4 Qxe4 29.
g3 f6 30. Bf4 Kf7 31. Kb1 b5 32. Rd7+ Ke6 33. Rd6+ Kf5 34. Rxa6 g5 35. hxg5 fxg5 36. Bb8 Qe1+ 37. Ka2 Qe8 38. Bd6 Qc8 39. Rb6 Qc4+ 40. Kb1 Qf1+ 41. Ka2 Qc4+ 42. Kb1 Kg4 43. Bb8 Qf1+ 44.
Ka2 Qc4+ 45. Kb1 Qc5 46. Ba7 Kxg3 0-1

[Event "*** Titled Tuesday Blitz"]
[Site "Chess.com"]
[Date "2021.02.02"]
[Round "1"]
[White "Srisshhhtea"]
[Black "SantoBlue"]
[Result "0-1"]
[WhiteElo "2421"]
[BlackElo "2824"]
[TimeControl "180+1"]
[EndTime "10:07:54 PST"]
[Termination "SantoBlue won by resignation"]

1. d4 Nf6 2. c4 g6 3. Nc3 Bg7 4. e4 O-O 5. Bd3 d6 6. Nge2 Nbd7 7. O-O a6 8. Ng3 c5 9. d5 Rb8 10. a4 e6 11. dxe6 fxe6 12. Be2 Ne5 13. f4 Nc6 14. Be3 Qe7 15. Qd2 Qc7 16. Rad1 Rd8 17. f5 gxf5 18. exf5 e5 19. Nh5 Nd4 20. Nxf6+ Bxf6 21. Nd5 Qg7 22. Nxf6+ Qxf6 23. Bg5 Nxe2+ 24. Kh1 Qg7 25. Bxd8 Nf4 26. Rxf4 exf4 27. Qxd6 Ra8 28. Bf6 Qf7 29. Qd8+ Qf8 30. Qd5+ Qf7 31. Qe5 Bd7 32. Qxf4 Qxf6 33. Rxd7 Re8 34. h3 Kh8 35. Rxb7 Qd4 36. Qxd4+ cxd4 37. Rd7 Rb8 38. Rxd4 Rxb2 39. f6 Kg8 40.
Rd6 a5 41. Ra6 Rc2 42. Rxa5 Rxc4 43. Ra6 Kf7 44. Kh2 h5 45. Kg3 h4+ 46. Kf3 Rb4 47. Kf2 Rc4 48. Kf3 Rb4 49. g3 Rb3+ 50. Kf4 hxg3 51.
Kf5 Rf3+ 52. Kg4 g2 53. Kxf3 g1=Q 54. h4 Qf1+ 55. Kg3 Qxa6 0-1

[Event "*** Titled Tuesday Blitz"]
[Site "Chess.com"]
[Date "2021.02.02"]
[Round "1"]
[White "Sippp"]
[Black "Treasurechess777"]
[Result "1-0"]
[WhiteElo "2786"]
[BlackElo "2406"]
[TimeControl "180+1"]
[EndTime "10:07:54 PST"]
[Termination "Sippp won by resignation"]

1. e4 Nf6 2. e5 Nd5 3. d4 Nb6 4. Nf3 d5 5. h3 Bf5 6. Bd3 Bxd3 7. Qxd3 e6 8. O-O c5 9. c3 Nc6 10. Re1 Be7 11. Nbd2 c4 12. Qc2 O-O 13. Nf1 Qd7 14. Ng3 f6 15. exf6 Bxf6 16. Nh5 Rae8 17. Bf4 Nc8 18.
Re2 Nd6 19. Nxf6+ Rxf6 20. Be5 Rg6 21. Bxd6 Qxd6 22. Rae1 Qf4 23. Kh1 Rf6 24. Nh2 h5 25. g3 Qh6 26. f4 Ne7 27. Nf3 Nf5 28. Kg2 Qg6 29. Ng5 h4 30. g4 Ng3 31. Qxg6 Rxg6 32. Rxe6 Rgxe6 33. Rxe6 Rd8 34. f5 a6 35. Re7 b5 36.
Ne6 Rb8 37. Rxg7+ Kh8 38. g5 Ne4 39. g6 Rb6 40. Rh7+ Kg8 41. Rg7+ Kh8 42. Rf7 Rb8 43.
f6 Kg8 44. Rg7+ Kh8 45. f7 Nf6 46. Kf3 b4 47. Kf4 bxc3 48. bxc3 Rb2 49. f8=Q+ 1-0

[Event "*** Titled Tuesday Blitz"]
[Site "Chess.com"]
[Date "2021.02.02"]
[Round "1"]
[White "hermionegrangermagic"]
[Black "ruvat"]
[Result "1-0"]
[WhiteElo "2640"]
[BlackElo "2340"]
[TimeControl "180+1"]
[EndTime "10:07:54 PST"]
[Termination "hermionegrangermagic won by resignation"]

1. e4 d6 2. d4 Nf6 3. Nc3 g6 4.
Be3 Bg7 5. f3 c6 6. Qd2 b5 7. a3 Qc7 8. g4 h5 9. g5 Nfd7 10. f4 Nb6 11. d5 a6 12. Bd4 O-O 13. Bxg7 Kxg7 14. O-O-O cxd5 15. exd5 Bf5 16. Bd3 Bxd3 17.
Qxd3 N8d7 18. Nf3 Qc4 19. Qe3 Rfe8 20. Rhe1 Qc5 21. Nd4 Nxd5 22. Nxd5 Qxd5 23. f5 Qa2 24. Nb3 Rac8 25. f6+ exf6 26. Qxe8 Rxe8 27. Rxe8 fxg5 28. Rxd6 Nf6 29. Re7 b4 30. Rxa6 Nd5 31. Re5 Nc3 32.
bxc3 bxc3 33. Re2 Qb2+ 34. Kd1 g4 35. Rd6 Qb1+ 36. Nc1 Qb5 37. Rd3 Qc5 38. Ree3 Qxa3 39. Rxc3 Qd6+ 40. Rcd3 Qxh2 41. Ne2 Qh1+ 42. Kd2 f5 43. c4 Qc6 44. Rc3 Qc5 45. Red3 h4 46.
Rd5 Qc7 47. c5 h3 48. c6 Kh6 49. Rd7 Qa5 50. c7 h2 51. c8=Q h1=Q 52. Qh8+ Kg5 53. Qxh1 1-0

[Event "*** Titled Tuesday Blitz"]
[Site "Chess.com"]
[Date "2021.02.02"]
[Round "1"]
[White "CheckThis4"]
[Black "Chuchofrio1"]
[Result "1-0"]
[WhiteElo "2573"]
[BlackElo "2263"]
[TimeControl "180+1"]
[EndTime "10:07:54 PST"]
[Termination "CheckThis4 won by checkmate"]

1. e4 e5 2. Nf3 Nc6 3. Bb5 a6 4. Ba4 Nf6 5. d3 b5 6. Bb3 Be7 7. O-O O-O 8. a4 b4 9. Nbd2 a5 10. Nc4 d6 11. Ne3 Be6 12. c3 Rb8 13. Bc2 d5 14.
exd5 Nxd5 15. Nxd5 Bxd5 16. Re1 Bd6 17. Ng5 f5 18. Bb3 Bxb3 19. Qxb3+ Kh8 20. Nf7+ Rxf7 21. Qxf7 Qh4 22. Qxf5 Rf8 23. g3 Qe7 24. Qe4 Qf6 25. Be3 Ne7 26. cxb4 Bxb4 27. Rf1 Nf5 28. Rac1 Nd6 29.
Qd5 Nf5 30. Qg2 Qe7 31. h4 h6 32. Qc6 Bd6 33. Bc5 Rf6 34. Bxd6 cxd6 35. Qa8+ Kh7 36. Qe4 d5 37. Qxd5 Nxh4 38. Qe4+ Ng6 39. Rc6 h5 40. Rxf6 Qxf6 41. Rc1 Qg5 42. Rc6 h4 43. Kg2 hxg3 44. fxg3 Qd2+ 45. Kf3 Qd1+ 46. Kf2 Qd2+ 47. Qe2 Qg5 48. Qe4 Qd2+ 49. Kf1 Qd1+ 50. Kg2 Qd2+ 51. Kh3 Qh6+ 52. Kg4 Qd2 53. Qxg6+ Kg8 54. Rc8# 1-0

[Event "*** Titled Tuesday Blitz"]
[Site "Chess.com"]
[Date "2021.02.02"]
[Round "1"]
[White "Fortitudine"]
[Black "francyIM"]
[Result "0-1"]
[WhiteElo "2352"]
[BlackElo "2657"]
[TimeControl "180+1"]
[EndTime "10:07:55 PST"]
[Termination "francyIM won on time"]

1. c4 e6 2. Nf3 d5 3. g3 Nf6 4. Bg2 dxc4 5. O-O Nbd7 6. Qc2 a6 7. a4 Bd6 8. Qxc4 b5 9. Qc2 Bb7 10. axb5 axb5 11. Rxa8 Qxa8 12. d3 O-O 13. Nbd2 Qa2 14.
Qb3 Qxb3 15. Nxb3 Bd5 16. Nbd4 Rb8 17. Bg5 c5 18. Nc2 c4 19. Ne3 cxd3 20. exd3 Ba8 21. Rc1 Nd5 22. Nxd5 Bxd5 23. Nd2 h6 24. Bxd5 exd5 25.
Be3 Rd8 26. Ra1 Ne5 27. d4 Nc4 28. b3 Nxe3 29. fxe3 Re8 30. Kf2 Bb4 31. Ke2 Bc3 32. Rd1 Ra8 33. Kd3 Bb4 34. Rc1 Ra2 35. Rc2 Ra3 36.
Rb2 f5 37. Nf3 Ra1 38. Ne5 Rd1+ 39. Ke2 Re1+ 40. Kd3 g5 41. Rc2 Rd1+ 42. Ke2 Rh1 43. Kd3 g4 44. Rc8+ Kg7 45. Rc7+ Kf6 46. Rc6+ Kg5 47.
Rg6+ Kh5 48. Rf6 Rd1+ 49. Ke2 Rd2+ 50. Kf1 Be7 51. Rxf5+ Bg5 52. Nf7 Kg6 0-1

[Event "*** Titled Tuesday Blitz"]
[Site "Chess.com"]
[Date "2021.02.02"]
[Round "1"]
[White "FontVella8"]
[Black "andrewtnb"]
[Result "0-1"]
[WhiteElo "2569"]
[BlackElo "2298"]
[TimeControl "180+1"]
[EndTime "10:07:55 PST"]
[Termination "andrewtnb won on time"]

1. e4 e6 2. d4 d5 3. Nc3 dxe4 4. Nxe4 Nd7 5. Nf3 Ngf6 6. Nxf6+ Nxf6 7. Bd3 c5 8. O-O cxd4 9. Nxd4 Bc5 10. Nb3 Bb6 11.
Bg5 O-O 12. Qf3 Qd5 13. Qf4 Nh5 14. Qh4 g6 15. Rad1 Qe5 16. Rfe1 Qc7 17. g4 Nf4 18. Qh6 Nd5 19. c4 f6 20. Bd2 Ne7 21. c5 Bxc5 22.
Rc1 b6 23. Nxc5 bxc5 24. b4 Qd6 25. Re3 cxb4 26. Rh3 Rf7 27. Bf4 e5 28. Bc4 Be6 29. Bxe6 Qxe6 30. Bg3 Rd8 31. Rc7 Rd7 32. Rxd7 Qxd7 33.
Rh4 Nd5 34. h3 Nf4 35. Bxf4 exf4 36. Kh2 g5 37. Rh5 Qd4 38. Kg2 Qe4+ 39. Kh2 Qg6 40. Qxg6+ hxg6 41. Rh6 Kg7 42. h4 Kxh6 43. hxg5+ Kxg5 44. Kh3 Rh7+ 45. Kg2 Rh4 46. f3 Rxg4+ 47. fxg4 Kxg4 48.
Kf2 g5 49. a3 bxa3 0-1

[Event "*** Titled Tuesday Blitz"]
[Site "Chess.com"]
[Date "2021.02.02"]
[Round "1"]
[White "novocane"]
[Black "nocnypako"]
[Result "0-1"]
[WhiteElo "2280"]
[BlackElo "2583"]
[TimeControl "180+1"]
[EndTime "10:07:55 PST"]
[Termination "nocnypako won by resignation"]

1. d4 Nf6 2. c4 g6 3. Nc3 d5 4. cxd5 Nxd5 5. e4 Nxc3 6. bxc3 Bg7 7.
Qa4+ Nd7 8. Nf3 O-O 9. Be3 c5 10.
Rd1 a6 11. Bd3 b5 12. Qc2 cxd4 13. cxd4 Bb7 14. O-O Rc8 15. Qd2 Nb6 16. Bh6 Nc4 17. Bxc4 Rxc4 18. Bxg7 Kxg7 19. Ne5 Ra4 20. f3 Qa5 21.
Nd7 Rd8 22. Nc5 Bc8 23. Nxa4 Qxa4 24. d5 Bd7 25. Qd4+ Qxd4+ 26. Rxd4 Rc8 27. Rd2 g5 28. f4 gxf4 29. Rxf4 Rc4 30. Rdf2 f6 31. g4 Kg6 32. h4 a5 33. Kg2 h5 34. gxh5+ Kxh5 35. Kh2 Bg4 36. Rg2 f5 37. Rgf2 fxe4 38. Rg2 e3 39.
Rxc4 bxc4 40. Kg3 Bd1 41. Rg1 e2 42. Kf2 c3 43. Ke1 Kxh4 44. Rg7 c2 45. Rh7+ Kg5 46. Rxe7 c1=Q 47. Re5+ Kf4 0-1

[Event "*** Titled Tuesday Blitz"]
[Site "Chess.com"]
[Date "2021.02.02"]
[Round "1"]
[White "TeukkaSalama"]
[Black "Mr_Sinigami"]
[Result "0-1"]
[WhiteElo "2340"]
[BlackElo "2640"]
[TimeControl "180+1"]
[EndTime "10:07:57 PST"]
[Termination "Mr_Sinigami won on time"]

1. d4 Nf6 2. Bf4 g6 3. e3 Bg7 4.
Nf3 O-O 5. Be2 d6 6. h3 Nfd7 7. O-O e5 8. Bh2 Nc6 9. Nc3 f5 10. a4 f4 11. a5 a6 12. Nd5 g5 13. Bc4 Kh8 14. Nxc7 Qxc7 15. Nxg5 Nd8 16. Bb3 h6 17. exf4 exd4 18. Re1 Nf6 19. Qd3 hxg5 20. fxg5 Nh7 21. Qg6 Bf5 22. Qh5 Nc6 23. g6 Bxg6 24. Qxg6 Ne5 25. Qh5 Qd7 26. Re4 Rf5 27. Qe2 Qb5 28.
Qd2 Ng6 29. Rae1 Nf6 30. Re6 Kh7 31. Bxd6 Bh6 32. Qd1 Rg8 33. Be7 Ne8 34. Qg4 Ng7 35.
Rxg6 Rh5 36. Rxh6+ Rxh6 37. Re6 Qh5 38. Qe4+ Kh8 39.
Rxh6+ Qxh6 40. Bc4 Re8 41. Bd3 Qh5 42. Qxd4 Rxe7 43.
Qd8+ Re8 44. Qd4 Qh6 45. Qe4 Rxe4 46. Bxe4 Qc1+ 0-1

[Event "*** Titled Tuesday Blitz"]
[Site "Chess.com"]
[Date "2021.02.02"]
[Round "1"]
[White "Goryachkina"]
[Black "PavelChernomordik"]
[Result "1-0"]
[WhiteElo "2656"]
[BlackElo "2350"]
[TimeControl "180+1"]
[EndTime "10:07:58 PST"]
[Termination "Goryachkina won on time"]

1. e4 g6 2. d4 Bg7 3. Nc3 d6 4. Be3 a6 5. a4 b6 6. g4 Bb7 7. Nge2 c5 8. d5 e6 9. Bg2 exd5 10. exd5 Nd7 11. Ng3 Ne5 12. Qe2 Qd7 13. h3 Qe7 14. O-O O-O-O 15. Rab1 h5 16. gxh5 Nf6 17. hxg6 fxg6 18.
b4 Rde8 19. bxc5 bxc5 20. a5 Bh6 21. Bxh6 Rxh6 22. Rb6 Nfd7 23. Rxb7 Kxb7 24. Rb1+ Ka7 25. Bf1 Nb8 26. Nce4 Qc7 27. Rb6 Ned7 28. Rxa6+ Nxa6 29. Qxa6+ Kb8 30. Nxd6 g5 31. Nxe8 Rxa6 32. Nxc7 Rxa5 33. Ne6 Ra2 34. Bd3 c4 35. Bf5 Ne5 36. Kf1 c3 37. Nxg5 Ra1+ 38. Ke2 Kc7 39. h4 Kd6 40. Be4 Ng4 41.
h5 Ke5 42. Bf3 Nh6 43. Kd3 Ra4 44. Kxc3 Rf4 45. Kd3 Rd4+ 46. Ke3 1-0

[Event "*** Titled Tuesday Blitz"]
[Site "Chess.com"]
[Date "2021.02.02"]
[Round "1"]
[White "C_K_G"]
[Black "PriSachu"]
[Result "1-0"]
[WhiteElo "2106"]
[BlackElo "2487"]
[TimeControl "180+1"]
[EndTime "10:07:59 PST"]
[Termination "C_K_G won on time"]

1. e4 e5 2. Nf3 Nc6 3. Bc4 Nf6 4.
Ng5 d5 5. exd5 Na5 6. Bb5+ Bd7 7.
Bxd7+ Qxd7 8. d4 exd4 9. Qxd4 O-O-O 10. O-O h6 11. Qxa7 Qxd5 12. Nxf7 Qxf7 13. Qa8+ Kd7 14. Qxa5 Bd6 15. Nc3 Ng4 16. h3 Ne5 17. Ne4 Qf5 18. Qa4+ Ke7 19. Nxd6 Rxd6 20. Bf4 b5 21. Qb4 c5 22.
Qxc5 Qxf4 23. Rfe1 Ke6 24. g3 Qd4 25. Qxd4 Rxd4 26. f4 Rc8 27. Rxe5+ Kf6 28. Re2 b4 29.
Rf1 h5 30. Kg2 Ra8 31. c3 bxc3 32. bxc3 Rd3 33. Rf3 Rd1 34. g4 h4 35. Rfe3 Rb8 36. Re7 Rb6 37. f5 Kg5 38. Rxg7+ Kf4 39. Rge7 Rbb1 40.
R2e4+ Kg5 41. Rg7+ Kf6 42. Rg6+ Kf7 43. Rc4 Rd3 44. Rc7+ Kf8 45. Re6 Rb2+ 46. Kf1 Rxh3 47. Re2 Rb1+ 48. Kf2 Rd3 49. g5 h3 50. g6 h2 51. g7+ Kg8 52. Re8+ 1-0

[Event "*** Titled Tuesday Blitz"]
[Site "Chess.com"]
[Date "2021.02.02"]
[Round "1"]
[White "MaxLeto"]
[Black "FGHSMN"]
[Result "0-1"]
[WhiteElo "2331"]
[BlackElo "2630"]
[TimeControl "180+1"]
[EndTime "10:08:00 PST"]
[Termination "FGHSMN won by resignation"]

1. g4 d5 2. Bg2 Bxg4 3. c4 c6 4. Qb3 Qb6 5. cxd5 Qxb3 6. axb3 cxd5 7. Bxd5 Nc6 8. Nc3 Nf6 9. Bg2 e5 10. Nf3 Be7 11. d3 O-O 12. O-O Be6 13. Nd2 a6 14. Nc4 Rac8 15. Be3 Ng4 16. Bb6 Nd4 17. Bxb7 Rb8 18.
Na5 Nxb3 19. Nxb3 Bxb3 20. Bd5 Rxb6 21. Bxb3 Rxb3 22. Rxa6 Rxb2 23. Nd5 Bc5 24. e3 h6 25. Rc6 Bb4 26. h3 Nf6 27. Nxf6+ gxf6 28. Rxf6 Kg7 29. Rb6 Bc3 30. Rc6 Bd2 31. Ra1 f6 32. Ra7+ Rf7 33.
Ra8 Kg6 34. Rcc8 Rg7 35. Kf1 Kf5 36. Rc4 Bb4 37. Rg4 Rxg4 38. hxg4+ Kxg4 39. Rh8 Kf3 40. Kg1 Rxf2 41. Rxh6 Kxe3 42. Rh3+ Rf3 43. Rh5 Bc5 44. Kg2 Rf2+ 45. Kg3 Kxd3 46. Rh8 Ke3 47. Rd8 f5 48. Rc8 f4+ 49. Kg4 Bd4 50. Kf5 f3 51. Rc1 Rh2 52.
Re1+ Kd2 53. Rf1 f2 54. Kg4 Ke2 55. Rh1 Rxh1 56. Kg3 f1=Q 0-1

[Event "*** Titled Tuesday Blitz"]
[Site "Chess.com"]
[Date "2021.02.02"]
[Round "1"]
[White "LucaBrasi1968"]
[Black "bylavochka"]
[Result "1-0"]
[WhiteElo "2501"]
[BlackElo "2085"]
[TimeControl "180+1"]
[EndTime "10:08:00 PST"]
[Termination "LucaBrasi1968 won by resignation"]

1. e4 c5 2. c3 Nf6 3. e5 Nd5 4.
d4 cxd4 5. Qxd4 e6 6. Nf3 Nc6 7. Qe4 d6 8. g3 dxe5 9. Nxe5 Nxe5 10. Qxe5 Qf6 11. Qxf6 Nxf6 12. Bg2 Bc5 13. O-O Rb8 14. Bf4 Ra8 15. Nd2 Ke7 16. Rad1 Nh5 17. Bg5+ f6 18.
Ne4 Bb6 19. Bc1 g5 20. b3 Rb8 21. Ba3+ Kf7 22. Bd6 Ra8 23. c4 Bd7 24. c5 Bd8 25. b4 Bc6 26. Rfe1 Ng7 27. g4 h5 28. h3 hxg4 29. hxg4 Rh4 30. f3 f5 31. Nf2 fxg4 32. Nxg4 Bf6 33. Nxf6 Kxf6 34. Be5+ Kf7 35. Bg3 Rh6 36. f4 Nf5 37. Bxc6 bxc6 38. fxg5 Rg6 39. Bf4 Ne7 40. Rd7 a5 41. Bd6 Rxg5+ 42. Kf2 Re8 43.
Ke3 Kf6 44. Bxe7+ Rxe7 45. Rf1+ Rf5 46. Rxf5+ exf5+ 47. Rxe7 Kxe7 48. bxa5 Kd7 49. Kf4 Kc7 50. Kxf5 Kb7 51. Ke6 Ka6 52. Kd6 Kb5 53. a6 Kxa6 54.
Kxc6 1-0

[Event "*** Titled Tuesday Blitz"]
[Site "Chess.com"]
[Date "2021.02.02"]
[Round "1"]
[White "JQuiroga18"]
[Black "Jumbo"]
[Result "1-0"]
[WhiteElo "2442"]
[BlackElo "2811"]
[TimeControl "180+1"]
[EndTime "10:08:01 PST"]
[Termination "JQuiroga18 won by resignation"]

1. e4 c5 2. Nf3 d6 3. d4 cxd4 4. Nxd4 Nf6 5. Nc3 Nc6 6. Bg5 Bd7 7. Be2 Qa5 8. Be3 Nxe4 9. O-O Nxc3 10. bxc3 Qxc3 11.
Rb1 Nxd4 12. Bxd4 Qc7 13. Bf3 Bc6 14. Re1 e5 15. Bxc6+ Qxc6 16. f4 Be7 17. fxe5 O-O 18. e6 fxe6 19. Rxe6 Rf7 20. Qe2 Bf8 21. Re1 a6 22. c3 b5 23. Re8 Rxe8 24. Qxe8 Qxe8 25. Rxe8 Rc7 26. Ra8 Rc6 27. Kf2 Kf7 28. Ke3 Be7 29.
Ke4 Ke6 30. Bxg7 d5+ 31. Kd3 Bg5 32. Bd4 Kf5 33. Rf8+ Kg4 34. Rf3 Rc4 35. h3+ Kh5 36. Rf7 Kg6 37. Rg7+ Kh6 38. Rd7 Ra4 39. g4 Kg6 40. Rd6+ Kf7 41. Rxd5 Be7 42. Rf5+ Kg6 43.
Rf2 h5 44. Re2 Bh4 45. Re6+ Kf7 46. Rh6 Rxa2 47. Rxh5 Bg3 48. Rf5+ Ke6 49. Rf6+ Kd5 50. Rf5+ Ke6 51. Rf6+ Kd5 52. Rf3 Ke6 53. Rxg3 Rh2 54. g5 Kf7 55. g6+ Kf8 56. g7+ Kg8 57. Rf3 1-0

[Event "*** Titled Tuesday Blitz"]
[Site "Chess.com"]
[Date "2021.02.02"]
[Round "1"]
[White "Artyom_ChessMate"]
[Black "Grineva_Marianna"]
[Result "1-0"]
[WhiteElo "2562"]
[BlackElo "2249"]
[TimeControl "180+1"]
[EndTime "10:08:01 PST"]
[Termination "Artyom_ChessMate won on time"]

1. e4 c5 2. Nc3 Nc6 3. Bb5 Nd4 4. Nf3 Nxb5 5. Nxb5 a6 6. Nc3 d6 7. d4 cxd4 8. Qxd4 Bd7 9. Bg5 Qa5 10. O-O Nf6 11. Bxf6 gxf6 12. Nd5 Rc8 13. b4 Qb5 14. Nd2 Bh6 15. c4 Qc6 16. Nxf6+ exf6 17. Qxf6 Bxd2 18. Qxh8+ Ke7 19. Qxh7 Qxc4 20. Rad1 Qxb4 21. Qh4+ Ke8 22. a3 Qc3 23. Qh7 Be6 24. f4 Bc4 25. Rf3 Qd4+ 26. Kh1 Be2 27. Qg8+ Kd7 28. Qxf7+ Kc6 29. Qd5+ Qxd5 30. exd5+ Kd7 31. Rff1 Bxf1 32. Rxd2 Rc1 33. Kg1 Bc4+ 34. Kf2 Rc3 35. a4 Ra3 36. g4 Rxa4 37. g5 Ra1 38. Kg2 Bf1+ 39. Kg3 Ra3+ 40. Kg4 Bh3+ 41. Kh5 Bf5 42. Kh6 Rh3+ 43. Kg7 Ke7 44. g6 Rh4 45. Re2+ Kd7 46. Kf6 Bxg6 47. Kg5 Rh3 48.
Kxg6 b5 49. f5 b4 50. f6 Rf3 51. f7 a5 52. Kg7 a4 53. Re4 b3 54. Rxa4 1-0

[Event "*** Titled Tuesday Blitz"]
[Site "Chess.com"]
[Date "2021.02.02"]
[Round "1"]
[White "JoliyRoger"]
[Black "nrvisakh"]
[Result "1-0"]
[WhiteElo "2410"]
[BlackElo "2730"]
[TimeControl "180+1"]
[EndTime "10:08:02 PST"]
[Termination "JoliyRoger won by resignation"]

1. Nf3 Nf6 2. d4 g6 3. c4 Bg7 4. Nc3 O-O 5. e4 d6 6. h3 e5 7.
d5 a5 8. Bg5 Na6 9. Be2 Nc5 10.
Nd2 h6 11. Be3 Nh7 12. g4 f5 13. gxf5 gxf5 14. Rg1 f4 15. Bxc5 dxc5 16. Bg4 Kh8 17.
Bxc8 Qxc8 18. Qg4 Qxg4 19. hxg4 f3 20. Nd1 Ng5 21. Ne3 Rf4 22. Rg3 Raf8 23. O-O-O Nxe4 24. Nxe4 Rxe4 25. g5 h5 26. Rh1 Kg8 27. Kd2 Rd4+ 28.
Kc2 h4 29. Rg4 Rff4 30. Rhxh4 a4 31. b3 axb3+ 32. axb3 c6 33. dxc6 bxc6 34. Rxf4 exf4 35. Nf1 Re4 36. Nd2 Re2 37. Rxf4 Rxf2 38. Rxf3 Rg2 39.
Rf5 Bd4 40. Kd3 Rg3+ 41. Nf3 Kg7 42. Ke4 Kg6 43. Rf4 Rh3 44. b4 Kh5 45. Nxd4 cxd4 46. Kxd4 Kxg5 47. Rf1 Rh6 48. Kc5 Kg4 49. b5 cxb5 50.
cxb5 Rh2 1-0

[Event "*** Titled Tuesday Blitz"]
[Site "Chess.com"]
[Date "2021.02.02"]
[Round "1"]
[White "Smirnov_Pavel"]
[Black "jens1102"]
[Result "1-0"]
[WhiteElo "2872"]
[BlackElo "2451"]
[TimeControl "180+1"]
[EndTime "10:08:03 PST"]
[Termination "Smirnov_Pavel won by checkmate"]

1. d4 Nf6 2. c4 e6 3. Nf3 Bb4+ 4.
Nbd2 O-O 5. a3 Be7 6. e4 d6 7.
Be2 Nc6 8. O-O e5 9. d5 Nb8 10. b4 a5 11. Bb2 Nbd7 12. Bc3 axb4 13. axb4 Rb8 14. Qc2 c6 15. dxc6 bxc6 16. b5 Nc5 17.
Rfb1 Qc7 18. Ba5 Qd7 19. b6 Bb7 20. Bb4 Ne6 21. Ra7 c5 22. Bc3 Qc6 23. Bd3 Nf4 24. Bf1 Nxe4 25. Rxb7 Nxd2 26. Rc7 Nxf3+ 27. gxf3 Qe8 28.
b7 f5 29. Qd1 Rf6 30. Bd2 Ne6 31. Rc8 Rxc8 32. bxc8=Q Qxc8 33. Be3 f4 34. Bd2 Nd4 35. Bc3 Rg6+ 36. Kh1 Bh4 37. Bxd4 cxd4 38. Bd3 Rh6 39.
Qg1 Rh5 40. Be4 Rg5 41. Qf1 g6 42. c5 Qxc5 43. Qh3 Bxf2 44. Rb8+ Kg7 45. Rb7+ Kf6 46. Rb1 h5 47. Qd7 d3 48. Qd8+ Kg7 49. Qxg5 d2 50. Qxg6+ Kf8 51. Rb8+ Ke7 52. Qg7+ Ke6 53. Re8# 1-0